Construct Light Support Kompanie
Selects Panzerjäger Kommand Battlegroup
Panzerjäger Mechanized Group
Construct Panzerarmee Kommand
Selects Defensive Positions
Selects Butterfly Bomb Drop
Selects Crew Shock Tactics
Walking Stuka Rocket Launcher
Selects Elefant Tank Destroyer
Construct Mechanized Kompanie
Marder III Tank Destroyer
Marder III Tank Destroyer
Walking Stuka Rocket Launcher
254 Reconnaissance Tractor
Marder III Tank Destroyer
Walking Stuka Rocket Launcher
Marder III Tank Destroyer
254 Reconnaissance Tractor
18-tonne Recovery Half-track